 Dungeon Crawl Stone Soup version 0.27-a0-978-g2aa4ecdaef (webtiles) character file.

Game seed: 7452157817400815954

5775 lunkers the Thaumaturge (level 10, -2/78 HPs)
             Began as a Djinni Air Elementalist on Apr 13, 2021.
             Was a Believer of Makhleb.
             Slain by a wolf (10 damage)
             ... on level 10 of the Dungeon on Apr 14, 2021.
             The game lasted 00:20:42 (12652 turns).

lunkers the Thaumaturge (Djinni Air Elementalist)  Turns: 12652, Time: 00:20:44

Health: -2/78      AC:  9    Str:  7    XL:     10   Next: 78%
Gold:   432        EV: 11    Int: 20    God:    Makhleb [**....] SH:  0 Dex: 14

rFire    + + .     SeeInvis +   i - +4 quarterstaff (chaos)
rCold    x . .     Faith    .   (shield currently unavailable)
rNeg     . . .     Spirit   .   k - +3 leather armour
rPois    ∞         Reflect  .   (no helmet)
rElec    .         Harm     .   j - +1 cloak
rCorr    .         Rampage  .   c - +0 pair of gloves
Will     +....                  (boots unavailable)
Stlth    ++........             (no amulet)
HPRegen  0.23/turn              D - ring of see invisible
MPRegen  0.00/turn              (no ring)

@: flying
A: fire resistance 2, cold vulnerability 1, float, innate caster, hp casting,
extra vitality 1
a: Renounce Religion, Minor Destruction


You were on level 10 of the Dungeon.
You worshipped Makhleb.
Makhleb was pleased with you.
You visited 2 branches of the dungeon, and saw 11 of its levels.

You collected 432 gold pieces.

Inventory:

Hand Weapons
 i - a +4 quarterstaff of chaos (weapon)
Armour
 c - a +0 pair of gloves (worn)
 f - a +0 troll leather armour
 j - a +1 cloak (worn)
 k - a +3 leather armour (worn)
 m - a +2 leather armour of fire resistance
Jewellery
 D - a ring of see invisible (left hand)
 F - a ring of ice
Wands
 z - a wand of iceblast (13)
 E - a wand of acid (7)
 H - a wand of paralysis (8)
Scrolls
 b - 3 scrolls of brand weapon {unknown}
 d - 2 scrolls of noise {unknown}
 e - 2 scrolls of torment {unknown}
 o - a scroll of blinking {unknown}
 p - 2 scrolls of teleportation {unknown}
 r - 2 scrolls of enchant armour {unknown}
 w - 4 scrolls of magic mapping {unknown}
 y - a scroll of silence {unknown}
 C - a scroll of fear {unknown}
 G - a scroll of fog {unknown}
Potions
 a - a potion of ambrosia {unknown}
 g - 3 potions of haste
 h - a potion of heal wounds
 l - 5 potions of might
 n - 4 potions of curing
 q - 2 potions of invisibility
 x - a potion of berserk rage {unknown}
 A - a potion of cancellation {unknown}
 B - a potion of brilliance {unknown}


   Skills:
 + Level 9.1 Fighting
 - Level 2.1 Dodging
 - Level 1.5 Stealth
 * Level 11.1 Spellcasting


You had 6 spell levels left.
You knew the following spells:

 Your Spells              Type           Power      Damage    Failure   Level
a - Airstrike             Air            27%        N/A       1%          4
b - Swiftness             Air            54%        N/A       1%          3
c - Static Discharge      Conj/Air       54%        N/A       1%          2
d - Shock                 Conj/Air       100%       1d9       1%          1
e - Lightning Bolt        Conj/Air       27%        1d43      2%          5
f - Freeze                Ice            100%       1d11      1%          1
g - Corpse Rot            Necr/Air       N/A        N/A       1%          2
h - Stone Arrow           Conj/Erth      100%       3d13      1%          3
i - Ice Form              Ice/Tmut       54%        N/A       1%          4
Your spell library was empty.

Dungeon Overview and Level Annotations

Branches:
Dungeon (10/15)            Temple (1/1) D:4
   Lair: D:8-11         Orc: D:9-12

Altars:
Ashenzari
Cheibriados
Dithmenos
Elyvilon
Fedhas
Gozag
Hepliaklqana
Kikubaaqudgha
Makhleb
Nemelex Xobeh
Okawaru
Qazlal
Ru
Sif Muna
Trog
Uskayaw
Vehumet
Wu Jian
Xom
Zin
The Shining One


Innate Abilities, Weirdness & Mutations

You are immune to poison.
Your flesh is very heat resistant. (rF++)
You are vulnerable to cold. (rC-)
You float through the air rather than walking.
You learn spells naturally, not from books.
Your magical power is your life essence.
You have superior vitality. (+4 HP)


Message History

You hear a bark! x2
The wolf barely misses you. The wolf closely misses you.
Casting: Lightning Bolt (dangerous; 2% risk of failure)
Confirm with . or Enter, or press ? or * to list all spells.
Aiming: Lightning Bolt (dangerous; 2% risk of failure)
Press: ? - help, Shift-Dir - straight line You hear a mighty clap of thunder!
The bolt of lightning misses the wolf.
The bolt of lightning misses the hound.
The bolt of lightning hits the hound!
You kill the hound!
Makhleb accepts your kill.
* * * LOW HITPOINT WARNING * * *
The wolf barely misses you. The wolf bites you.
* * * LOW HITPOINT WARNING * * *
Casting: Lightning Bolt (dangerous; 2% risk of failure)
Confirm with . or Enter, or press ? or * to list all spells.
Aiming: Lightning Bolt (dangerous; 2% risk of failure)
Press: ? - help, Shift-Dir - straight line You hear a mighty clap of thunder!
The bolt of lightning misses the wolf.
The bolt of lightning misses the hound. x2
* * * LOW HITPOINT WARNING * * *
You hear a bark!
The wolf barely misses you.
Unknown command.
Unknown command.
Casting: Lightning Bolt (dangerous; 2% risk of failure)
Confirm with . or Enter, or press ? or * to list all spells.
Aiming: Lightning Bolt (dangerous; 2% risk of failure)
Press: ? - help, Shift-Dir - straight line You hear a mighty clap of thunder!
The bolt of lightning hits the wolf but does no damage.
The bolt of lightning hits the hound!!!
You kill the hound!
Makhleb accepts your kill.
The bolt of lightning hits the hound!!!
You kill the hound!
Makhleb accepts your kill.
* * * LOW HITPOINT WARNING * * *
The wolf barely misses you. The wolf bites you!
You die...

....# #.......... ....#
#.......... ....##########
#.^........ ....##.......#
#..T.$..... ....##.......#
#.......... ....##.......#
###h...###### ....##.......#
#..h.....#
....##.......######.#....#.#
.............'..@h..#....#.#
######...†...########....# #
..# #.......# ###### #.#
#.......# #.# ######### #.#
#.# ..# .##


You could see a wolf.

Vanquished Creatures
  Pikel (D:8)
  Joseph (D:8)
  A troll (D:10)
  A hornet (D:7)
  A vampire (D:9)
  12 yaks
  A steam dragon (D:8)
  A water moccasin (D:8)
  An orc warrior (D:8)
  A sky beast (D:8)
  3 black bears
  An ogre (D:6)
  2 centaurs
  A phantom (D:7)
  4 lemures (D:8)
  Blork the orc (D:6)
  A gnoll sergeant (D:8)
  2 scorpions (D:7)
  A wyvern zombie (D:7)
  A wyvern skeleton (D:7)
  A water moccasin skeleton (D:7)
  8 killer bees (D:9)
  2 howler monkeys (D:9)
  5 orc priests
  5 hounds
  2 jellies (D:7)
  A bullfrog skeleton (D:6)
  Crazy Yiuf (D:2)
  Terence (D:2)
  2 iguanas
  5 orc wizards
  A hound skeleton (D:3)
  A howler monkey zombie (D:9)
  Robin (D:2)
  8 gnolls
  7 adders
  A shadow imp (D:8)
  A white imp (D:5)
  2 ufetubi
  An adder skeleton (D:4)
  A dart slug (D:1)
  17 orcs
  9 endoplasms
  4 giant cockroaches
  16 goblins
  7 hobgoblins
  6 jackals (D:1)
  A quokka (D:2)
  5 ball pythons
  5 bats
  6 frilled lizards
  6 kobolds
  2 rats
179 creatures vanquished.

Notes
Turn   | Place    | Note
-------+----------+-------------------------------------------
     0 | D:1      | lunkers the Djinni Air Elementalist began the quest for the
                  | Orb.
     0 | D:1      | Reached XP level 1. HP: 15/15 MP: 0/0
   126 | D:1      | Reached skill level 3 in Spellcasting
   126 | D:1      | Reached XP level 2. HP: 9/22 MP: 0/0
   653 | D:1      | Reached skill level 1 in Fighting
  1128 | D:1      | Found a faded altar of an unknown god.
  1134 | D:1      | Reached XP level 3. HP: 25/27 MP: 0/0
  1134 | D:1      | Learned a level 1 spell: Freeze
  1732 | D:2      | Noticed Robin
  1738 | D:2      | Killed Robin
  1739 | D:2      | Reached XP level 4. HP: 28/33 MP: 0/0
  1944 | D:2      | Noticed Terence
  1952 | D:2      | Killed Terence
  1953 | D:2      | Reached skill level 4 in Spellcasting
  2241 | D:2      | Reached XP level 5. HP: 35/39 MP: 0/0
  2241 | D:2      | Learned a level 2 spell: Corpse Rot
  2560 | D:2      | Found a runed translucent door.
  2561 | D:2      | Noticed Crazy Yiuf
  2588 | D:2      | Killed Crazy Yiuf
  3496 | D:4      | Found a staircase to the Ecumenical Temple.
  3521 | Temple   | Entered the Ecumenical Temple
  3681 | Temple   | Became a worshipper of Makhleb the Destroyer
  4012 | D:4      | Reached XP level 6. HP: 40/46 MP: 0/0
  4660 | D:5      | Entered Level 5 of the Dungeon
  4902 | D:5      | Reached skill level 5 in Spellcasting
  5196 | D:5      | Noticed a black bear
  5205 | D:5      | Killed a black bear
  5360 | D:5      | Found a blossoming altar of Fedhas.
  5533 | D:5      | Reached XP level 7. HP: 45/51 MP: 0/0
  5533 | D:5      | Learned a level 3 spell: Stone Arrow
  5710 | D:6      | Reached skill level 6 in Spellcasting
  6164 | D:6      | Noticed Blork the orc
  6176 | D:6      | Killed Blork the orc
  6470 | D:6      | Found a stormy altar of Qazlal.
  6605 | D:6      | Reached XP level 8. HP: 38/58 MP: 0/0
  7009 | D:7      | Reached skill level 5 in Fighting
  7096 | D:7      | Reached skill level 7 in Spellcasting
  7203 | D:7      | Reached * piety under Makhleb
  7406 | D:7      | Noticed a hornet
  7411 | D:7      | Killed a hornet
  7568 | D:7      | Found an iron altar of Okawaru.
  7964 | D:7      | Reached skill level 8 in Spellcasting
  8378 | D:7      | Reached XP level 9. HP: 54/66 MP: 0/0
  8378 | D:7      | Learned a level 4 spell: Ice Form
  8746 | D:8      | Noticed Joseph
  8755 | D:8      | Killed Joseph
  9530 | D:8      | Noticed Pikel
  9534 | D:8      | Killed Pikel
  9535 | D:8      | Reached skill level 9 in Spellcasting
  9878 | D:8      | Found a white marble altar of Elyvilon.
 10362 | D:8      | Reached XP level 10. HP: 51/76 MP: 0/0
 10368 | D:8      | Reached skill level 10 in Spellcasting
 11111 | D:8      | Upgraded the game from 0.27-a0-972-gd1521fd518 to
                  | 0.27-a0-978-g2aa4ecdaef
 11437 | D:9      | Reached ** piety under Makhleb
 12535 | D:10     | Entered Level 10 of the Dungeon
 12635 | D:10     | Reached skill level 11 in Spellcasting
 12652 | D:10     | Slain by a wolf

Illustrated notes

Levels and vault maps discovered:
D:1:      dpeg_arrival_solitude, layout_basic,
          hellmonk_ecumenical_altar_slurped_away
D:2:      layout_basic, minmay_misc_feat_roman, st_stairs_9,
          uniq_crazy_yiuf_cottage, uniq_robin, uniq_terence
D:3:      layout_basic
D:4:      layout_basic, minmay_temple_entry_ruins, chequers_arboretum,
          chequers_serial_rivers_micro_d, minivault_26, minivault_11
D:5:      layout_loops_cross, marbit_many_paths
D:6:      layout_loops_ring, general_overflow_altar, uniq_blork_the_orc
D:7:      layout_basic, lemuel_doored_altar
D:8:      layout_loops_cross, kennysheep_mini, uniq_pikel, uniq_joseph
D:9:      layout_stronghold
D:10:     layout_basic, overflow_temple_1_default, erik_lair_island,
          serial_shops, nicolae_shop_temple_entry_statues_fountains
Temple:   minmay_crystal_spiral_temple

Skill      XL: |  1  2  3  4  5  6  7  8  9 10 |
---------------+-------------------------------+-----
Spellcasting   | 3 4 5 6 8 9 11 | 11.1
Fighting       | 1 2 3 4 6 7 9 |  9.1
Dodging        | |  2.1
Stealth        | |  1.5

Action                   |  1- 3 |  4- 6 |  7- 9 | 10-12 || total
-------------------------+-------+-------+-------+-------++-------
Melee: Quarterstaff      |       |       |    15 |       ||    15
 Cast: Shock             |    76 |   124 |    52 |       ||   252
       Airstrike         |       |       |   105 |    68 ||   173
       Lightning Bolt    |       |       |       |     4 ||     4
  Use: Scroll            |       |       |       |     8 ||     8
 Stab: Confused          |       |       |     1 |       ||     1
Armor: Robe              |     2 |     1 |       |       ||     3
       Leather armour    |       |     7 |    10 |     4 ||    21
Dodge: Dodged            |     5 |    15 |    29 |    11 ||    60

Table legend: (Time is in decaauts)
 A = Elapsed time spent in this place.
 B = Non-inter-level travel time spent in this place.
 C = Inter-level travel time spent in this place.
 D = Time resting spent in this place.
 E = Time spent auto-exploring this place.
 F = Levels seen in this place.
 G = Mean time per level.
                   A        B        C        D        E       F      G
               +--------+--------+--------+--------+--------+-----+--------+
         Total |  12655 |  12187 |    468 |   1205 |   9956 |  11 | 1150.5 |
       Dungeon |  12440 |  12058 |    382 |   1205 |   9829 |  10 | 1244.0 |
        Temple |    214 |    128 |     86 |      0 |    127 |   1 |  214.0 |
               +--------+--------+--------+--------+--------+-----+--------+

Top non-repeatable levels by time:
     D:7: 2115 daAuts
     D:8: 2070 daAuts
     D:1: 1420 daAuts
     D:2: 1378 daAuts
     D:9: 1367 daAuts
     D:6: 1349 daAuts
     D:5: 976 daAuts
     D:4: 967 daAuts
     D:3: 678 daAuts
  Temple: 214 daAuts
    D:10: 116 daAuts
